 Dungeon Crawl Stone Soup version 0.31-a0-198-g2ad674f65e (webtiles) character file.

Game seed: 7993685577809615942

37 qw the Shooter (level 3, 0/20 HPs)
             Began as a Deep Elf Hunter on June 25, 2023.
             Succumbed to their own poison gas
             ... on level 1 of the Dungeon.
             The game lasted 00:00:26 (990 turns).

qw the Shooter (Deep Elf Hunter)                     Turns: 990, Time: 00:00:26

Health: 0/20       AC:  9    Str: 10    XL:     3   Next: 21%
Magic:  5/5        EV: 11    Int: 13    God:
Gold:   65         SH:  0    Dex: 18    Spells: 2/2 levels left

rFire   . . .        Y - +0 shortbow
rCold   . . .        (shield currently unavailable)
rNeg    . . .        g - +0 ring mail
rPois   .            o - +1 helmet
rElec   .            (no cloak)
rCorr   +            (no gloves)
SInv    .            e - +1 pair of boots
Will    .....        (no amulet)
Stlth   +            j - ring of resist corrosion
HPRegen 0.23/turn    (no ring)
MPRegen 0.09/turn

%: no passive effects
@: lethally poisoned (0 -> -1)
A: no striking features
a: no special abilities


You were on level 1 of the Dungeon.
You visited 1 branch of the dungeon, and saw 1 of its levels.

You collected 65 gold pieces.


   Skills:
 - Level 1.5 Fighting
 + Level 6.8 Ranged Weapons
 - Level 2.4 Dodging
 - Level 1.2 Stealth


You had 2 spell levels left.
You didn't know any spells.
Your spell library was empty.

Inventory:

Hand Weapons
 Y - a +0 shortbow (weapon)
Armour
 e - a +1 pair of boots (worn)
 g - a +0 ring mail (worn)
 o - a +1 helmet (worn)
Jewellery
 j - a ring of resist corrosion (left hand)
Scrolls
 a - a scroll of identify
 f - 2 scrolls of teleportation
Potions
 h - a potion of cancellation
 k - a potion of curing {unknown}
 m - a potion of degeneration {unknown}
 p - a potion of heal wounds {unknown}

Dungeon Overview and Level Annotations

Branches:
Dungeon (1/15)

Altars:


Message History

(D) Dungeon
Where to? (* - list waypoints, ? - help)
What level of the Dungeon? (default 1, ? - help) Sorry, I don't know how to get there.
Enter note:
Enter note:
Enter note:
Enter note:
Enter note:
Enter note:
Enter note:
Enter note:
Enter note:
Enter note:
Enter note:
Enter note:
Enter note:
Enter note:
Enter note: Really walk into that cloud of poison gas?
You are engulfed in poison gas.
You are poisoned.
You feel very sick.
983 ||| Stepping ~*~*~tactically~*~*~ (cloud).
You feel very sick.
Things that are here:
a scroll of revelation; a scroll of butterflies
There is a lethal amount of poison in your body!
You feel sick.
There is a lethal amount of poison in your body!
You feel sick.
There is a lethal amount of poison in your body!
You feel sick.
There is a lethal amount of poison in your body!
You feel sick.
There is a lethal amount of poison in your body!
You feel sick.
There is a lethal amount of poison in your body!
You feel sick.
There is a lethal amount of poison in your body!
You die...

....##.##...#
....##.##...############
....##.###..############
....##..##...###########
....##.###.).###########
....##.# #0¤.###########
....##.# ##0.¤##########
######.# ##.0.¤0########
######.#####.¤¤.@0######
........######00¤0.#####
######.#########..0#####
#.# ########000#### #.#
########¤00#### #.#
########0¤0#### #.#
#########¤0.### #.#
#########...###
#.############..#


There were no monsters in sight!

Vanquished Creatures
  3 ball pythons (D:1)
  5 bats (D:1)
  4 endoplasms (D:1)
  A giant cockroach (D:1)
  6 goblins (D:1)
  2 hobgoblins (D:1)
  3 jackals (D:1)
  A quokka (D:1)
  2 frilled lizards (D:1)
  2 kobolds (D:1)
  2 rats (D:1)
31 creatures vanquished.

Notes
Turn   | Place    | Note
-------+----------+-------------------------------------------
     0 | D:1      | qw the Deep Elf Hunter began the quest for the Orb.
     0 | D:1      | Reached XP level 1. HP: 12/12 MP: 3/3
     0 | D:1      | 0 ||| qw: Version: 0.3-a-22-g0ed2b0b
     0 | D:1      | 0 ||| qw: Game counter: 4993
     0 | D:1      | 0 ||| qw: Melee chars always use a shield: true
     0 | D:1      | 0 ||| qw: God list: Okawaru
     0 | D:1      | 0 ||| qw: Allow faded altars: false
     0 | D:1      | 0 ||| qw: Do Orc after clearing Dungeon:15 true
     0 | D:1      | 0 ||| qw: Do second Lair branch before Depths: true
     0 | D:1      | 0 ||| qw: Lair rune preference: random
     0 | D:1      | 0 ||| qw: Goals: Normal
     0 | D:1      | 0 ||| PLANNING D:1-11
   110 | D:1      | Reached skill level 6 in Ranged Weapons
   110 | D:1      | Reached XP level 2. HP: 16/16 MP: 4/4
   703 | D:1      | Reached XP level 3. HP: 20/20 MP: 5/5
   948 | D:1      | 948 ||| UPGRADING to +1 pair of boots.
   953 | D:1      | 953 ||| UPGRADING to +0 ring mail.
   963 | D:1      | 963 ||| DROPPING +0 leather armour.
   964 | D:1      | 964 ||| UPGRADING to +1 helmet.
   969 | D:1      | 969 ||| UPGRADING to ring of resist corrosion.
   970 | D:1      | 970 ||| READING 3 scrolls labelled EPITHO XIOF.
   971 | D:1      | 971 ||| READING 3 scrolls labelled QUSHAE JALIM.
   976 | D:1      | 976 ||| READING 2 scrolls labelled PEAPPO ZE IXAE.
   977 | D:1      | 977 ||| READING scroll labelled KIANYS COTA.
   978 | D:1      | 978 ||| READING scroll labelled KOKAVVUIXO.
   979 | D:1      | 979 ||| READING 2 scrolls of identify.
   979 | D:1      | 979 ||| IDENTIFYING fuming red potion
   980 | D:1      | 980 ||| DROPPING scroll of butterflies.
   981 | D:1      | 981 ||| DROPPING scroll of revelation.
   983 | D:1      | 983 ||| Stepping ~*~*~tactically~*~*~ (cloud).
   985 | D:1      | HP: 5/20 [poisoned by you (poison gas)]
   988 | D:1      | HP: 2/20 [poisoned by you (poison gas)]
   990 | D:1      | Succumbed to their own poison gas

Levels and vault maps discovered:
D:1:      dpeg_arrival_renting, layout_basic, serial_curves, eino_curves_03,
          eino_curves_04, eino_curves_01, eino_curves_02, minmay_pentomino_q2

Skill      XL: |  1 |
---------------+----+-----
Ranged Weapons | 6 |  6.8
Fighting       | |  1.5
Dodging        | |  2.4
Stealth        | |  1.2

Action                     || total
---------------------------++-------
   Fire: Shortbow          ||    87
    Use: Scroll            ||     6
 Armour: Leather armour    ||    11
  Dodge: Dodged            ||    23

Table legend:
 A = Non-vault XP
 B = Vault XP
 C = Vault XP percentage of total XP
 D = Non-vault monster count
 E = Vault monster count
 F = Vault count percentage of total count
                 A         B        C        D         E       F
            +---------+---------+-------+---------+---------+-------
      Total |      51 |       2 |   3.8 |      29 |       2 |   6.5
            +---------+---------+-------+---------+---------+-------
        D:1 |      51 |       2 |   3.8 |      29 |       2 |   6.5
            +---------+---------+-------+---------+---------+-------
